Map: [ESL] Moondance

Players

Cham

  • Race: Zerg Zerg
  • Spawn Location: 12:00

Creator - Winner!

  • Race: Protoss Protoss
  • Spawn Location: 6:00

Event: DreamHack SC2 Masters 2022 Atlanta (Offline)

VOD

Have the link to the VOD?

Description

Time

  • Played on: Nov. 18, 2022, 6:46 p.m.
  • Length: 10:24

All games in this series

Show
View Real Time Build Order
Export as new Build Order

Cham Zerg 

Build Orders: Hatch First 

Get SALT Encoding   

  12  0:00  Drone  
  13  0:12  Overlord  
  13  0:18  Drone  
  14  0:31  Drone x2  
  16  0:50  Hatchery  
  16  0:52  Drone  
  16  0:56  Drone  
  17  0:58  Drone  
  18  1:12  Spawning Pool  
  18  1:16  Extractor  
  18  1:18  Drone  
  17  1:23  Drone  
  18  1:28  Drone  
  19  1:39  Drone  
  20  1:50  Drone  
  21  2:01  Queen  
  21  2:03  Zergling x2, Queen  
  21  2:05  Zergling x2  
  27  2:10  Overlord  
  27  2:13  Drone  
  28  2:17  Metabolic Boost  
  28  2:29  Drone  
  30  2:30  Drone  
  30  2:36  Hatchery  
  29  2:42  Queen  
  31  2:48  Drone x2  
  33  2:54  Queen  
  35  2:59  Overlord  
  35  3:01  Drone  
  36  3:17  Overlord  
  36  3:20  Drone  
  36  3:21  Drone x6  
  36  3:23  Drone  
  36  3:25  Spore Crawler  
  43  3:29  Overlord  
  43  3:33  Overlord  
  43  3:38  Spore Crawler, Drone  
  43  3:44  Drone  
  43  3:48  Drone x4  
  48  3:50  Drone  
  49  3:58  Drone x2  
  49  4:00  Drone  
  49  4:01  Spore Crawler  
  50  4:08  Overlord  
  50  4:09  Drone x3  
  53  4:13  Lair  
  53  4:14  Drone x2  
  55  4:18  Drone  
  53  4:28  Drone x5  
  53  4:30  Extractor  
  57  4:32  Drone x3  
  57  4:33  Drone  
  57  4:37  Overlord  
  57  4:38  Drone x3  
  64  4:46  Drone  
  64  4:48  Overlord  
  64  4:49  Zergling x2, Overlord x2  
  65  4:53  Extractor x3  
  65  4:55  Extractor  
  65  4:57  Zergling x4  
  63  5:04  Hatchery  
  63  5:05  Zergling x4, Drone x2  
  66  5:07  Drone  
  66  5:09  Drone x2  
  69  5:14  Spire  
  69  5:17  Drone x3  
  71  5:23  Drone x4  
  71  5:24  Drone  
  76  5:29  Roach Warren  
  76  5:30  Zergling x2  
  76  5:33  Zergling x4  
  78  5:36  Zergling x4  
  78  5:37  Zergling x2  
  77  5:43  Zergling x4  
  77  5:49  Zergling x14  
  81  5:58  Overlord  
  81  5:59  Queen  
  81  6:03  Overlord  
  83  6:07  Overlord  
  83  6:08  Drone x4  
  87  6:13  Zergling x2  
  88  6:20  Overlord  
  88  6:26  Overlord  
  88  6:27  Mutalisk x4  
  88  6:29  Mutalisk  
  98  6:34  Overlord  
  98  6:35  Mutalisk x2  
  98  6:39  Mutalisk x2  
  106  6:43  Mutalisk  
  108  6:48  Mutalisk x3  
  108  6:52  Overlord  
  113  6:57  Mutalisk x2  
  113  6:58  Mutalisk  
  113  6:59  Overlord  
  119  7:02  Mutalisk  
  119  7:03  Overlord  
  119  7:07  Overlord  
  119  7:08  Drone x3  
  123  7:10  Mutalisk  
  123  7:12  Overlord  
  123  7:14  Mutalisk  
  127  7:16  Overlord  
  126  7:26  Drone  
  126  7:27  Drone x8  
  131  7:32  Overlord  
  131  7:34  Drone x2  
  131  7:35  Drone  
  134  7:39  Overlord  
  134  7:44  Hydralisk Den  
  133  7:45  Drone x2  
  133  7:46  Drone x3  
  133  7:51  Evolution Chamber  
  137  7:54  Overlord x2  
  137  7:56  Glial Reconstitution  
  137  7:57  Zerg Flyer Weapons Level 1  
  137  8:01  Overlord  
  137  8:07  Hatchery  
  137  8:10  Overlord  
  134  8:14  Grooved Spines, Hydralisk x2  
  134  8:16  Roach  
  134  8:17  Roach x3  
  134  8:18  Roach  
  134  8:19  Roach  
  142  8:20  Hydralisk, Roach  
  142  8:21  Hydralisk  
  142  8:24  Roach x3  
  142  8:26  Roach  
  142  8:27  Roach  
  159  8:28  Hydralisk  
  159  8:30  Hydralisk  
  159  8:34  Hydralisk x2  
  163  8:36  Roach x2  
  163  8:37  Roach  
  163  8:40  Roach  
  163  8:41  Roach  
  175  8:42  Roach  
  175  8:48  Hydralisk x2, Roach x2  
  177  8:50  Roach  
  180  9:01  Roach x7  
  158  9:07  Roach x2  
  136  9:10  Roach  
  136  9:11  Roach  
  136  9:13  Roach  
  136  9:15  Roach  
  121  9:21  Roach  
  121  9:23  Roach  
  121  9:24  Roach x5  
  121  9:27  Ravager  
  121  9:30  Roach x2  
  121  9:31  Roach x3  
  140  9:36  Roach x2  
  144  9:38  Roach  
  144  9:40  Roach  
  142  9:49  Roach x2  
  142  9:52  Roach x2  
  127  9:55  Roach  
  127  9:58  Roach  
  109  10:00  Roach  
  109  10:01  Roach  
  109  10:04  Roach  
Show
View Real Time Build Order
Export as new Build Order

Creator Protoss - Winner!

Build Orders: 1 Gate Expand, Oracle Opening, Zealot Archon, Archon Drop 

Get SALT Encoding   

  12  0:00  Probe  
  13  0:12  Pylon  
  13  0:17  Probe (Chrono Boost)  
  14  0:26  Probe (Chrono Boost)  
  15  0:31  Probe (Chrono Boost)  
  16  0:38  Gateway  
  16  0:43  Probe  
  16  0:47  Assimilator  
  17  0:55  Probe  
  18  1:07  Probe  
  19  1:20  Probe  
  19  1:24  Nexus  
  20  1:35  Cybernetics Core  
  20  1:38  Probe  
  21  1:42  Assimilator  
  21  1:50  Probe  
  22  1:54  Pylon  
  22  2:02  Probe  
  23  2:09  Adept (Chrono Boost)  
  23  2:14  Probe  
  26  2:18  Stargate  
  26  2:26  Warp Gate, Probe (Chrono Boost)  
  27  2:35  Stalker  
  29  2:37  Probe (Chrono Boost)  
  31  2:44  Probe (Chrono Boost)  
  31  2:47  Probe (Chrono Boost)  
  33  2:51  Probe (Chrono Boost)  
  33  2:52  Probe  
  34  3:00  Oracle (Chrono Boost)  
  37  3:05  Probe  
  37  3:06  Probe  
  37  3:10  Pylon  
  39  3:18  Probe x2  
  41  3:24  Assimilator  
  41  3:26  Assimilator  
  41  3:30  Probe (Chrono Boost)  
  41  3:32  Probe (Chrono Boost)  
  41  3:33  Robotics Facility  
  43  3:42  Probe (Chrono Boost)  
  43  3:45  Twilight Council  
  43  3:46  Gateway  
  43  3:48  Probe (Chrono Boost)  
  45  3:49  Probe (Chrono Boost)  
  45  3:55  Probe  
  47  3:56  Probe  
  48  4:07  Probe  
  48  4:09  Probe  
  50  4:12  Gateway  
  50  4:13  Gateway  
  50  4:23  Warp Prism (Chrono Boost)  
  50  4:28  Templar Archives  
  50  4:31  Adept, Pylon  
  54  4:44  Nexus  
  54  4:46  Pylon  
  54  4:49  Probe x2  
  56  5:00  Pylon  
  56  5:01  Probe x2  
  58  5:08  High Templar x4  
  58  5:12  Archon x2  
  58  5:13  Probe (Chrono Boost)  
  68  5:15  Probe (Chrono Boost)  
  68  5:16  Observer  
  68  5:21  Forge  
  69  5:25  Probe (Chrono Boost)  
  71  5:29  Charge, Pylon  
  71  5:30  Probe (Chrono Boost)  
  71  5:31  Probe (Chrono Boost)  
  71  5:32  Pylon  
  72  5:37  Probe  
  72  5:39  Probe  
  72  5:41  Immortal (Chrono Boost)  
  78  5:44  Zealot  
  78  5:46  Zealot  
  76  5:54  Probe x2  
  76  5:56  Protoss Ground Weapons Level 1 (Chrono Boost)  
  74  5:59  Gateway  
  74  6:01  Sentry x2, Probe, Gateway  
  79  6:09  Pylon x2  
  79  6:12  Zealot  
  79  6:13  Zealot  
  79  6:16  Phoenix  
  85  6:20  Immortal (Chrono Boost)  
  85  6:22  Photon Cannon  
  85  6:25  Pylon  
  85  6:31  Zealot  
  91  6:34  Zealot, Sentry  
  95  6:41  Phoenix (Chrono Boost)  
  95  6:43  Photon Cannon  
  97  6:54  Photon Cannon  
  97  6:56  Shield Battery  
  97  6:59  Shield Battery  
  97  7:00  Gateway  
  97  7:01  Gateway  
  97  7:04  Phoenix (Chrono Boost)  
  99  7:10  Zealot x3  
  99  7:14  Zealot, High Templar x2  
  111  7:21  Phoenix (Chrono Boost)  
  113  7:31  Stalker  
  113  7:34  Assimilator  
  113  7:36  Pylon  
  115  7:38  Phoenix (Chrono Boost), Pylon  
  115  7:43  Archon  
  117  7:45  Zealot x3  
  123  7:54  Pylon x3  
  123  7:55  Phoenix (Chrono Boost), Zealot  
  123  7:56  Pylon  
  127  8:19  Phoenix  
  127  8:23  Stalker  
  127  8:24  Zealot, Stalker  
  133  8:29  Nexus  
  133  8:31  Zealot x3  
  139  8:42  Stalker x2  
  139  8:44  Phoenix  
  145  8:50  Zealot x2  
  145  8:51  Zealot  
  143  9:02  Zealot x2  
  133  9:09  Phoenix  
  113  9:12  Zealot x4  
  115  9:21  High Templar x2  
  119  9:26  Archon  
  119  9:32  Zealot x3  
  119  9:33  Zealot x3  
  119  9:34  Phoenix  
  115  9:54  Zealot x6  
  115  9:58  Zealot  
  115  9:59  Phoenix  
  121  10:03  Zealot  
  119  10:09  Probe x3  
  119  10:10  Probe  
  113  10:14  High Templar x2  
  113  10:15  High Templar x2  
  113  10:16  Zealot  
  113  10:19  Archon x2  
Tags
 
Add a new tag
Caveats
  • Supply blocks, unpowered buildings, or Contaminate may cause inaccurate times.
  • Supply counts are checked every 10 seconds.